 Seeded DCSS version 0.25-a0-109-ge9c0e85 (webtiles) character file.

Game seed: 7227870178392869099, levelgen mode: deterministic

755324 Anathematize the Bringer of Law (level 27, -6/228 HPs)
             Began as a Human Fighter on Nov 17, 2019.
             Was the Champion of Zin.
             Killed from afar by Cerebov (37 damage)
             ... with a great blast of fire
             ... in Pandemonium on Nov 18, 2019.
             The game lasted 05:46:45 (110548 turns).

Anathematize the Bringer of Law (Human Fighter)   Turns: 110548, Time: 05:46:45

Health: -6/228     AC: 43    Str: 38    XL:     27
Magic:  38/38      EV: 18    Int: 16    God:    Zin [******]
Gold:   7339       SH: 19    Dex: 28    Spells: 7/46 levels left

rFire    + + .     SeeInvis .   T - +9 broad axe (holy)
rCold    + + +     Gourm    .   F - +2 shield {AC+3}
rNeg     + . .     Faith    .   j - +12 gold dragon scales
rPois    ∞         Spirit   .   t - -2 hat of the Alchemist {rElec rPois rF+ rC+ rN+ MR+ rMut rCorr}
rElec    +         Reflect  .   P - +0 cloak
rCorr    +         Harm     .   w - +0 pair of gloves
rMut     +                      J - +2 pair of boots {Fly}
MR       +++..                  N - amulet of regeneration
Stlth    ..........             m - +5 ring of slaying
HPRegen  0.88/turn              y - ring of the Rabble {rPois rC+++ Int-5 Dex+2 Slay+5}
MPRegen  0.26/turn

@: mighty, agile, vitalised, resistant, fire vulnerable, flying
A: no striking features
}: 7/15 runes: decaying, slimy, silver, abyssal, demonic, dark, gossamer
a: Recite, Vitalisation, Imprison, Sanctuary, Donate Gold, Renounce Religion,
Stop Flying


You were in Pandemonium.
You worshipped Zin.
Zin was exalted by your worship.
You were not hungry.

You visited 10 branches of the dungeon, and saw 50 of its levels.
You visited Pandemonium 2 times, and saw 5 of its levels.
You visited the Abyss 2 times.
You also visited: Sewer, Ice Cave, Volcano and Wizlab.

You collected 9920 gold pieces.
You spent 2133 gold pieces at shops.
You donated 448 gold pieces to Zin.

Inventory:

Hand Weapons
 L - a +3 sacred scourge of holy wrath
 O - a +2 antimagic eveningstar
 S - a +9 antimagic broad axe
 T - a +9 broad axe of holy wrath (weapon)
Missiles
 X - 6 curare-tipped darts (quivered)
Armour
 b - the +8 large shield "Veus" {Dex+4}
   (You found it on level 3 of the Elven Halls)

   It affects your dexterity (+4).
 j - +12 gold dragon scales (worn)
 t - the -2 hat of the Alchemist (worn) {rElec rPois rF+ rC+ rN+ MR+ rMut rCorr}
   (You found it in a wizard's laboratory)

   It protects you from fire.
   It protects you from cold.
   It insulates you from electricity.
   It protects you from poison.
   It protects you from negative energy.
   It affects your resistance to hostile enchantments.
   It provides partial protection from all sources of acid and corrosion.
   It protects you from mutation.
 w - a +0 pair of gloves (worn)
 F - a +2 shield of protection (worn)
 J - a +2 pair of boots of flying (worn)
 P - a +0 cloak (worn)
Jewellery
 a - an uncursed ring of protection from fire
 c - a +3 amulet of reflection
 d - the amulet of the Air {Inacc +Fly rElec EV+5 RMsl}
   (You found it on level 5 of the Pits of Slime)

   [amulet of inaccuracy]

   It reduces the accuracy of all your attacks.
   It affects your evasion (+5).
   It insulates you from electricity.
   It lets you fly.
   It protects you from missiles.
 m - a +5 ring of slaying (left hand)
 v - an uncursed ring of protection from cold
 y - the ring of the Rabble (right hand) {rPois rC+++ Int-5 Dex+2 Slay+5}
   (You found it on level 3 of the Spider Nest)

   [ring of dexterity]

   It affects your intelligence (-5).
   It affects your dexterity (+2).
   It affects your accuracy and damage with ranged weapons and melee attacks
   (+5).
   It renders you almost immune to cold.
   It protects you from poison.
 N - an amulet of regeneration (around neck)
 Q - the ring "Jeog" {+Fly rC+ MR- Int+8 Slay+5}
   (You took it off a balrug in Pandemonium)

   [ring of slaying]

   It affects your intelligence (+8).
   It affects your accuracy and damage with ranged weapons and melee attacks
   (+5).
   It protects you from cold.
   It affects your resistance to hostile enchantments.
   It lets you fly.
 W - an uncursed ring of protection from magic
Wands
 R - a wand of digging (12)
 V - a wand of paralysis (38)
Scrolls
 g - 18 scrolls of identify
 h - 6 scrolls of teleportation
 k - 8 scrolls of immolation
 l - 13 scrolls of amnesia
 n - 2 scrolls of brand weapon
 r - 3 scrolls of fog
 u - 5 scrolls of silence
 A - 32 scrolls of remove curse
 C - 4 scrolls of fear
 D - 9 scrolls of magic mapping
 G - a scroll of blinking
 K - 5 scrolls of vulnerability
 M - 5 scrolls of summoning
 U - 2 scrolls of acquirement
 Z - 4 scrolls of holy word
Potions
 e - 5 potions of ambrosia
 i - 5 potions of magic
 o - 12 potions of curing
 p - a potion of invisibility
 q - 2 potions of resistance
 s - 22 potions of mutation
 x - 10 potions of lignification
 z - 2 potions of haste
 B - 2 potions of cancellation
 H - 3 potions of agility
 I - 3 potions of heal wounds
 Y - 5 potions of brilliance
Comestibles
 f - 72 rations


   Skills:
 + Level 21.2 Fighting
 - Level 15.4(18.0) Axes
 - Level 16.0(18.2) Maces & Flails
 - Level 20.0 Armour
 + Level 5.8 Dodging
 - Level 15.0 Shields
 - Level 10.0 Spellcasting
 - Level 15.0 Hexes
 - Level 5.0 Charms
 - Level 10.0 Translocations
 - Level 15.0 Transmutations
 * Level 9.4 Air Magic
 - Level 5.0 Earth Magic
 + Level 23.0 Invocations


You had 7 spell levels left.
You knew the following spells:

 Your Spells              Type           Power        Failure   Level  Hunger
a - Apportation           Tloc           #####.       1%          1    None
b - Blink                 Tloc           N/A          1%          2    None
c - Confuse               Hex            ######..     1%          3    None
d - Deflect Missiles      Chrm/Air       ####......   99%         6    ######.
e - Spectral Weapon       Hex/Chrm       #####...     2%          3    None
f - Confusing Touch       Hex            ######       1%          1    None
g - Shroud of Golubria    Chrm/Tloc      ####..       4%          2    None
i - Airstrike             Air            #####.....   12%         4    ###....
p - Passwall              Tmut/Erth      #####...     1%          2    None
s - Silence               Hex/Air        #####.....   11%         5    #####..
t - Tukima's Dance        Hex            ######..     1%          3    None
w - Swiftness             Chrm/Air       ####....     4%          2    None
y - Yara's Violent Unrav  Hex/Tmut       ######....   3%          5    #####..

Your spell library contained the following spells:

 Spells                   Type           Power        Failure   Level  Hunger
 Corona                   Hex            ######.      1%          1    None
 Slow                     Hex            ######..     1%          2    None
 Sticks to Snakes         Tmut           ######..     1%          2    None
 Portal Projectile        Hex/Tloc       #####.       1%          3    None
 Cause Fear               Hex            ######....   1%          4    ###....
 Gell's Gravitas          Tloc           #####.....   2%          3    None
 Lesser Beckoning         Tloc           #####.....   2%          3    None
 Teleport Other           Tloc           #####...     2%          3    None
 Blade Hands              Tmut           ######....   3%          5    #####..
 Ensorcelled Hibernation  Hex/Ice        ####..       4%          2    None
 Infusion                 Chrm           ###.         8%          1    None
 Sandblast                Erth           ###...       8%          1    None
 Dazzling Spray           Conj/Hex       ####..       8%          3    None
 Inner Flame              Hex/Fire       ####....     8%          3    None
 Shock                    Conj/Air       ###.         9%          1    None
 Leda's Liquefaction      Hex/Erth       #####.....   10%         4    ###....
 Passage of Golubria      Tloc           N/A          10%         4    ###....
 Petrify                  Tmut/Erth      #####...     10%         4    ###....
 Song of Slaying          Chrm           ###.....     11%         2    None
 Poisonous Vapours        Pois/Air       ###...       13%         2    None
 Darkness                 Hex            ######....   19%         6    ######.
 Hydra Form               Tmut           ######....   19%         6    ######.
 Invisibility             Hex            ######..     19%         6    ######.
 Ignite Poison            Fire/Tmut/Pois ###.....     22%         3    None
 Fulminant Prism          Conj/Hex       ####......   26%         4    ###....
 Mephitic Cloud           Conj/Pois/Air  ###.....     43%         3    None
 Animate Skeleton         Necr           N/A          50%         1    None
 Flame Tongue             Conj/Fire      #....        50%         1    None
 Freeze                   Ice            #...         50%         1    None
 Magic Dart               Conj           #...         50%         1    None
 Pain                     Necr           #...         50%         1    None
 Sting                    Conj/Pois      #...         50%         1    None
 Summon Butterflies       Summ           #.......     50%         1    None
 Summon Small Mammal      Summ           #...         50%         1    None
 Regeneration             Chrm/Necr      ###.......   52%         3    None
 Stone Arrow              Conj/Erth      ###...       52%         3    None
 Force Lance              Conj/Tloc      ###.....     58%         4    ###....
 Alistair's Intoxication  Tmut/Pois      ####....     58%         5    #####..
 Irradiate                Conj/Tmut      ####......   58%         5    #####..
 Metabolic Englaciation   Hex/Ice        ####......   58%         5    #####..
 Summon Lightning Spire   Summ/Air       ###.....     63%         4    ###....
 Call Imp                 Summ           #.......     65%         2    None
 Corpse Rot               Necr           N/A          65%         2    None
 Searing Ray              Conj           #.....       65%         2    None
 Sublimation of Blood     Necr           #.........   65%         2    None
 Throw Flame              Conj/Fire      #.....       65%         2    None
 Throw Frost              Conj/Ice       #.....       65%         2    None
 Dragon Form              Tmut           ######....   71%         7    #######
 Dispersal                Tloc           #####.....   82%         6    ######.
 Statue Form              Tmut/Erth      #####....    82%         6    ######.
 Conjure Flame            Conj/Fire      #.......     86%         3    None
 Vampiric Draining        Necr           #.........   86%         3    None
 Lee's Rapid Deconstruct  Erth           ###.......   90%         5    #####..
 Summon Forest            Summ/Tloc      ###.......   90%         5    #####..
 Lightning Bolt           Conj/Air       ###.......   93%         5    #####..
 Animate Dead             Necr           N/A          99%         4    ###....
 Iskenderun's Mystic Bla  Conj           #.......     99%         4    ###....
 Olgreb's Toxic Radiance  Pois           #.......     99%         4    ###....
 Sticky Flame             Conj/Fire      #.......     99%         4    ###....
 Summon Ice Beast         Ice/Summ       #.......     99%         4    ###....
 Borgnjor's Vile Clutch   Necr/Erth      ###.......   99%         5    #####..
 Excruciating Wounds      Chrm/Necr      ###.......   99%         5    #####..
 Iskenderun's Battlesphe  Conj/Chrm      ###.....     99%         5    #####..
 Agony                    Necr           #.......     100%        5    #####..
 Bolt of Draining         Conj/Necr      #.........   100%        5    #####..
 Bolt of Magma            Conj/Fire/Erth ##........   100%        5    #####..
 Dispel Undead            Necr           #.......     100%        5    #####..
 Fireball                 Conj/Fire      #.........   100%        5    #####..
 Venom Bolt               Conj/Pois      #.........   100%        5    #####..
 Bolt of Fire             Conj/Fire      #.........   100%        6    ######.
 Conjure Ball Lightning   Conj/Air       ###.......   100%        6    ######.
 Death Channel            Necr           #.........   100%        6    ######.
 Iron Shot                Conj/Erth      ###.......   100%        6    ######.
 Ozocubu's Refrigeration  Ice            #.........   100%        6    ######.
 Haunt                    Necr/Summ      #.........   100%        7    #######
 Ring of Flames           Chrm/Fire      ###.......   100%        7    #######
 Summon Hydra             Summ           #.........   100%        7    #######
 Borgnjor's Revivificati  Necr           #.........   100%        8    #######
 Controlled Blink         Tloc           N/A          100%        8    #######
 Death's Door             Chrm/Necr      ###.......   100%        8    #######
 Disjunction              Tloc           #####.....   100%        8    #######
 Ignition                 Fire           #.........   100%        8    #######
 Infestation              Necr           #.........   100%        8    #######
 Necromutation            Tmut/Necr      ####......   100%        8    #######
 Dragon's Call            Summ           #.........   100%        9    #######
 Shatter                  Erth           ###.......   100%        9    #######
 Tornado                  Air            #####.....   100%        9    #######


Dungeon Overview and Level Annotations

Branches:
Dungeon (15/15)            Temple (1/1) D:5            Lair (6/6) D:9
  Swamp (4/4) Lair:4       Spider (4/4) Lair:3        Slime (5/5) Lair:6
    Orc (2/2) D:9             Elf (3/3) Orc:2        Vaults (5/5) D:14
  Crypt (0/3) Vaults:2     Depths (5/5) D:15            Zot (0/5) Depths:5
  Sewer (visited)           IceCv (visited)         Volcano (visited)
 WizLab (visited)

Altars:
Ashenzari
Cheibriados
Dithmenos
Elyvilon
Fedhas
Gozag
Hepliaklqana
Kikubaaqudgha
Makhleb
Nemelex Xobeh
Okawaru
Qazlal
Ru
Sif Muna
Trog
Uskayaw
Vehumet
Wu Jian
Xom
Yredelemnul
Zin
The Shining One
Beogh
Jiyva

Shops:
D:12 *(   Orc:2 (:*}   Elf:1 (   Elf:2 ?([   Vaults:4 !   Depths:2 %
Depths:4 [   Depths:5 %

Portals:
Hell: Depths:1 Depths:2 Depths:3 Depths:4 Depths:5
Abyss: Depths:2 Depths:4
Pandemonium: Depths:3 Depths:4
Ziggurat: Depths:3
Trove: D:10 (give horn of Geryon)

Annotations:
D:4 Grinder
Lair:5 exclusion: downstairs
Swamp:2 exclusion: downstairs
Swamp:3 3 runed translucent doors, exclusion: 3 doors, Para's ghost, adept MiBe
Slime:4 exclusion: downstairs
Depths:1 2 runed translucent doors, exclusions: 2 doors and downstairs, Boris; Dameikh's ghost, veteran FoFi
Depths:2 3 runed translucent doors, exclusion: 3 doors
Pan Cerebov


Message History

* * * LOW HITPOINT WARNING * * *
Unknown command.
You hit Cerebov but do no damage.
Cerebov is almost dead.
You are engulfed in blazing flames.
You resist.
* * * LOW HITPOINT WARNING * * *
Cerebov hits you with the +6 sword of Cerebov {flame}.
* * * LOW HITPOINT WARNING * * *
The sword of Cerebov burns away your fire resistance.
Press: ? - help, Dir - move target cursor
Okay, then.
You slice Cerebov!!
Cerebov convulses!!
Cerebov is almost dead.
You block Cerebov's attack.
You slash Cerebov!
Cerebov convulses.
Cerebov is almost dead.
Cerebov gestures at you.
A raging storm of fire appears!
The great blast of fire engulfs you!!! You partially resist.
You die...

................#,,,+,,,,,,****,,
####..####....).##***§.,,***≈≈*,,
# #..# #.......# *.§.,,,≈≈≈≈**, #
#..# #...v.v.###...,≈≈,,,,,** #
#..# #........'8...≈≈≈*,,,*,*
####..####).....2.'....≈≈≈*,,,*,,
........).v)...v..○..&.≈≈≈*,,,*,*
........).v..°.°&###..,,≈≈,,,,,**
######..###.....@# *2.,,,,≈≈≈≈**,
#..# #.....##***,,,,***≈≈*,, #..#
#..°°.#,,,+,,,,,,****,, #..#
#..°v.#,,,****,,,,,,,,, #..#
#....v#,,,####**,,,,,,*
######..###.....#####..###****+*#
......).............}....####,,,#
............................#,,,#
#######..##..........)......#,,,#


You could see Cerebov, a balrug and 7 fire vortices.

Vanquished Creatures
  the Royal Jelly (Slime:5)
  A seraph (Pan)
  Dissolution (Slime:3)
  Gloorx Vloq (Pan)
  Mara (Vaults:4)
  A juggernaut (Depths:4)
  Sojobo (Vaults:2)
  the Lernaean hydra (Swamp:4)
  Frederick (Depths:3)
  6 golden dragons
  Xtahua (Vaults:2)
  A bone dragon (Vaults:1)
  2 pearl dragons (Pan)
  Jory (Vaults:2)
  3 tentacled monstrosities
  3 liches
  Jorgrun (Swamp:2)
  2 deep elf blademasters (Elf:2)
  5 titans
  26 acid blobs
  2 tentacled starspawn
  10 sphinxes
  15 Executioners (Pan)
  2 thorn hunters
  6 storm dragons
  5 draconian monks
  13 azure jellies
  4 shadow dragons
  Kirke (Swamp:2)
  A revenant (Abyss:5)
  9 fire giants
  5 tengu reavers
  2 draconian knights (Vaults:1)
  20 daevas (Pan)
  10 deep elf sorcerers
  14 frost giants
  A draconian scorcher (Depths:5)
  3 iron dragons (Vaults:5)
  13 balrugs
  2 cacodemons
  14 vault wardens
  5 emperor scorpions
  2 ghost moths (Spider:4)
  3 draconian annihilators (Depths:5)
  41 angels (Pan)
  12 ironheart preservers
  2 curse skulls (Pan)
  A spriggan defender (Depths:3)
  A caustic shrike skeleton (Depths:2)
  4 deep elf elementalists
  A draconian shifter (Abyss:5)
  4 entropy weavers
  3 green draconians (Depths:5)
  23 very ugly things
  6 black draconians (Depths:5)
  Nessos (Lair:6)
  4 starcursed masses (Abyss:5)
  24 stone giants
  3 vampire knights
  6 deep elf demonologists
  14 ophanim (Pan)
  34 apis (Pan)
  9 deep elf annihilators
  A lorocyproca (Abyss:5)
  7 red draconians
  7 spark wasps
  3 purple draconians (Depths:5)
  2 white draconians (Depths:5)
  A blizzard demon (Depths:4)
  5 ettins
  2 green deaths (Pan)
  11 deep elf death magi
  7 death oozes
  7 fire dragons
  2 merfolk impalers (Depths:3)
  A quicksilver dragon skeleton (Depths:2)
  13 yaktaur captains
  10 deep elf high priests
  4 rakshasas
  23 vault guards
  A hell beast (Depths:3)
  11 ice dragons
  19 great orbs of eyes
  A caustic shrike simulacrum (Depths:3)
  25 hydras
  A ghost crab (Swamp:3)
  6 catoblepae
  The ghost of Veogap the Basher, a novice TrBe of Trog (D:9)
  3 spriggan air magi
  13 alligators
  14 centaur warriors
  32 dancing weapons
  2 death knights
  5 shambling mangroves
  6 deep troll shamans
  66 two-headed ogres
  8 death yaks (Lair:6)
  12 tengu warriors
  22 ogre magi
  A queen ant (Spider:1)
  A satyr (Abyss:3)
  11 deep troll earth magi
  5 thrashing horrors
  7 spriggan berserkers
  19 deep elf knights
  3 titan skeletons
  Sonja (Lair:4)
  An iron golem (WizLab)
  10 soul eaters
  17 sun demons
  2 salamander mystics (Depths:5)
  7 iron trolls
  2 spriggans
  Nergalle (Lair:3)
  18 hell knights
  6 shadow wraiths
  2 spatial maelstroms
  3 flayed ghosts
  8 swamp dragons
  3 death drakes (Depths:5)
  A spriggan druid (Swamp:3)
  A golden dragon zombie (Depths:2)
  25 cherubim (Pan)
  5 unseen horrors
  8 skeletal warriors
  A deep troll (shapeshifter) (Depths:1)
  6 glowing orange brains
  30 deep trolls
  An obsidian statue (Depths:3)
  A wizard (D:14)
  2 golden dragon skeletons
  17 deep elf archers
  5 phantasmal warriors
  Pikel (D:8)
  38 large abominations
  9 orc knights
  4 lindwurms (Depths:5)
  2 harpies (shapeshifter) (WizLab)
  An anaconda skeleton (Pan)
  11 ironbrand convokers
  14 necromancers
  13 orb spiders
  A stone giant zombie (Vaults:5)
  58 deep elf magi
  A frost giant zombie (Depths:2)
  An orb spider (shapeshifter) (Vaults:1)
  5 manticores
  19 wolf spiders
  A human zombie (Vaults:5)
  61 ugly things
  156 slime creatures
  4 shining eyes
  2 moths of wrath
  4 orc sorcerers
  3 worldbinders
  3 elephants (Lair:6)
  5 salamanders (Depths:5)
  A shadow dragon skeleton (Vaults:5)
  2 salamanders (shapeshifter)
  A sphinx skeleton (Vaults:1)
  7 cyclopes
  6 black mambas
  A frost giant skeleton (Pan)
  2 black mambas (shapeshifter) (WizLab)
  2 torpor snails (shapeshifter)
  2 guardian serpents (shapeshifter)
  4 rust devils
  2 smoke demons
  2 water nymphs (Abyss:3)
  2 molten gargoyles (Volcano)
  7 eyes of devastation
  2 human skeletons
  A torpor snail (Spider:1)
  7 orange demons
  11 spiny frogs
  An ice statue (IceCv)
  2 fire giant skeletons
  5 gargoyles
  A spiny frog (shapeshifter) (WizLab)
  A stone giant skeleton (Depths:2)
  A shock serpent skeleton (Pan)
  2 elf zombies (Depths:3)
  12 vault sentinels
  4 efreet
  3 yaktaurs (shapeshifter)
  47 yaktaurs
  A dire elephant skeleton (Pan)
  3 rime drakes
  An elf (WizLab)
  6 freezing wraiths
  2 ice devils (Depths:3)
  7 komodo dragons
  A spark wasp simulacrum (Depths:3)
  A komodo dragon (shapeshifter) (Vaults:1)
  16 demonic crawlers
  3 rime drakes (shapeshifter) (WizLab)
  3 tengu conjurers (Depths:4)
  7 ancient zymes
  14 red devils
  2 jumping spiders (shapeshifter) (Depths:1)
  25 jumping spiders
  A merfolk (shapeshifter) (WizLab)
  A queen bee (Lair:5)
  6 trolls
  4 tyrant leeches
  2 queen bees (shapeshifter)
  9 polar bears
  2 meliai (shapeshifter)
  3 meliai (Lair:5)
  3 trolls (shapeshifter)
  A hydra skeleton (Pan)
  2 polar bears (shapeshifter) (WizLab)
  A wind drake (Depths:5)
  16 hornets
  3 blink frogs (shapeshifter)
  7 bog bodies
  23 blink frogs
  13 hippogriffs
  A slime creature (shapeshifter) (Vaults:5)
  A dream sheep (shapeshifter) (Vaults:5)
  7 dream sheep (Lair:6)
  A raiju (shapeshifter) (WizLab)
  A hippogriff (shapeshifter) (Vaults:5)
  A meliai zombie (D:14)
  2 air elementals
  An ettin skeleton (Pan)
  An ice dragon skeleton (Pan)
  46 redbacks
  A tarantella (shapeshifter) (D:12)
  2 redbacks (shapeshifter)
  2 spriggans (shapeshifter) (WizLab)
  4 shadows
  A fire dragon skeleton (Pan)
  5 ynoxinuls
  9 water elementals
  3 wraiths
  2 vampires
  A wyvern (shapeshifter) (WizLab)
  A basilisk (shapeshifter) (Elf:1)
  68 yaks
  21 tarantellas
  4 chaos spawn
  2 fire bats (Volcano)
  15 small abominations
  A fire elemental (Elf:3)
  2 wyverns
  A hog (shapeshifter) (WizLab)
  3 hogs (D:10)
  2 humans
  A human (shapeshifter) (WizLab)
  An elf skeleton (Vaults:1)
  A golden eye (shapeshifter) (D:13)
  A golden eye (Slime:5)
  2 neqoxecs
  16 vampire mosquitoes
  3 basilisks
  A warg (shapeshifter) (Vaults:3)
  Menkaure (D:6)
  5 wargs
  A soldier ant (shapeshifter) (Vaults:4)
  A spatial vortex (Abyss:5)
  5 soldier ants
  A hell hound (Volcano)
  17 insubstantial wisps
  2 acid dragons
  12 swamp worms
  A deep troll zombie (Vaults:5)
  Edmund (D:6)
  16 water moccasins
  7 porcupines
  An acid dragon (shapeshifter) (Depths:1)
  6 floating eyes
  22 orc warriors
  8 sky beasts
  10 ice beasts
  2 slaves
  18 swamp drakes
  A hornet zombie (D:15)
  64 ogres
  3 elephant zombies (Lair:5)
  2 black bears
  An eye of draining (shapeshifter) (WizLab)
  A phantom (D:7)
  18 wolves
  7 eyes of draining
  A snapping turtle skeleton (Pan)
  An ogre (shapeshifter) (Depths:3)
  A boggart (shapeshifter) (WizLab)
  26 centaurs
  12 crocodiles
  3 big kobolds
  A big kobold (shapeshifter) (WizLab)
  20 bullfrogs
  2 earth elementals (Elf:3)
  A wyvern zombie (D:12)
  3 gnoll sergeants
  3 scorpions
  A wyvern skeleton (D:11)
  26 killer bees
  3 vampire bats (D:3)
  8 wights
  6 electric eels
  3 howler monkeys
  6 lava snakes (Volcano)
  14 crimson imps
  3 centaur zombies
  13 orc priests
  2 quasits
  3 jellies
  4 bullfrog zombies
  11 hounds
  5 centaur skeletons
  A gnoll shaman (D:8)
  17 orc wizards
  2 iron imps (Depths:3)
  4 iguanas
  17 worker ants
  2 killer bee zombies
  A crocodile zombie (Lair:5)
  2 hound zombies
  2 hound skeletons
  A worker ant zombie (D:8)
  20 gnolls
  5 adders
  2 river rats
  6 shadow imps
  5 white imps
  An ufetubus (Abyss:3)
  An ooze (D:2)
  An adder zombie (D:5)
  An adder skeleton (D:6)
  2 worms
  5 leopard geckos
  67 orcs
  5 ball pythons
  7 bats
  A bat skeleton (D:3)
  3 bat zombies (D:3)
  7 giant cockroaches
  2 gnoll zombies (D:3)
  7 goblins
  15 jackals
  12 kobolds
  4 quokkas
  2 frilled lizards
  11 rats
  5 fire vortices (Pan)
  A fungus (Lair:2)
  A plant (Depths:5)
  2 starspawn tentacles (Abyss:2)
2651 creatures vanquished.

Vanquished Creatures (collateral kills)
  A juggernaut (Depths:3)
  Boris (Vaults:4)
  A mutant beast (WizLab)
  Arachne (Spider:4)
  A lich (Depths:4)
  Donald (Swamp:2)
  Agnes (Vaults:1)
  Roxanne (Swamp:2)
  2 emperor scorpions
  Louise (Depths:4)
  A ghost moth (Spider:4)
  2 deep elf sorcerers
  2 spriggan defenders (Vaults:1)
  2 ironheart preservers
  3 very ugly things (WizLab)
  A deep elf annihilator (Vaults:1)
  3 spark wasps
  A white draconian (Depths:5)
  A deep elf death mage (Vaults:2)
  A great orb of eyes (Vaults:4)
  An ice dragon (Depths:2)
  5 vault guards (Vaults:5)
  A hydra (Swamp:1)
  2 spriggan air magi (Depths:2)
  A shambling mangrove (Swamp:1)
  3 alligators
  2 tengu warriors (Depths:4)
  A deep troll earth mage (Depths:2)
  4 hell knights (Depths:4)
  A deep elf knight (Vaults:4)
  A swamp dragon (Swamp:1)
  A phantasmal warrior (Depths:4)
  A glowing orange brain (Depths:4)
  2 necromancers (Depths:4)
  An ironbrand convoker (Vaults:2)
  4 orb spiders
  A wolf spider (shapeshifter) (Vaults:5)
  3 deep elf magi (Vaults:2)
  An ugly thing (WizLab)
  3 wolf spiders (Spider:4)
  A manticore (D:14)
  A moth of wrath (Spider:4)
  A vault sentinel (Vaults:4)
  2 demonic crawlers
  An ice devil (Depths:4)
  2 tyrant leeches (Swamp:1)
  A jumping spider (Spider:4)
  A hornet (Swamp:2)
  A bog body (Swamp:1)
  6 redbacks
  2 large abominations (WizLab)
  5 tarantellas
  3 hogs (Swamp:2)
  2 vampire mosquitoes (Swamp:1)
  A swamp worm (Swamp:4)
  6 insubstantial wisps
  A swamp drake (Swamp:4)
  A sky beast (D:14)
  A small abomination (WizLab)
106 creatures vanquished.

Vanquished Creatures (others)
  A fire giant (Depths:4)
  A deep elf elementalist (Elf:3)
  A yaktaur captain (Vaults:5)
  An alligator (Swamp:4)
  A deep elf archer (Vaults:5)
  A deep elf mage (Vaults:4)
  Psyche (D:10)
  A yaktaur (Vaults:4)
  A hornet (Depths:4)
  A swamp drake (Depths:5)
  A slave (D:9)
  A wolf (D:9)
  An orc (D:9)
  A briar patch (Swamp:4)
  8 fungi
  3 pillars of salt (Pan)
  17 plants
  4 starspawn tentacles
46 creatures vanquished.

Grand Total: 2803 creatures vanquished

Notes
Turn   | Place    | Note
-------+----------+-------------------------------------------
     0 | D:1      | Anathematize the Human Fighter began the quest for the Orb.
     0 | D:1      | Reached XP level 1. HP: 18/18 MP: 1/1
   238 | D:1      | Reached XP level 2. HP: 21/24 MP: 2/2
   846 | D:2      | Reached XP level 3. HP: 29/29 MP: 3/3
   924 | D:2      | Noticed a scorpion
   925 | D:2      | Found a blossoming altar of Fedhas.
   936 | D:2      | Killed a scorpion
   936 | D:2      | Reached XP level 4. HP: 31/35 MP: 4/4
  1278 | D:2      | Found a glowing silver altar of Zin.
  1328 | D:2      | Became a worshipper of Zin the Law-Giver
  1453 | D:2      | Reached XP level 5. HP: 41/41 MP: 5/5
  1761 | D:3      | Found a bloodstained altar of Trog.
  1768 | D:3      | Found a glowing drain.
  1770 | D:3      | Reached * piety under Zin
  1787 | D:3      | Reached skill level 1 in Invocations
  1810 | Sewer    | Entered a sewer
  2045 | Sewer    | Noticed a big kobold
  2096 | Sewer    | Killed a big kobold
  2096 | Sewer    | Reached XP level 6. HP: 41/48 MP: 5/7
  2261 | Sewer    | Found a glowing silver altar of Zin.
  2347 | D:3      | Reached skill level 2 in Invocations
  2854 | D:3      | Found an iron altar of Okawaru.
  3008 | D:3      | Found an ancient bone altar of Kikubaaqudgha.
  3032 | D:3      | Reached XP level 7. HP: 52/54 MP: 8/8
  3069 | D:3      | Reached skill level 3 in Invocations
  3176 | D:3      | Found a basalt altar of Yredelemnul.
  3449 | D:4      | Reached ** piety under Zin
  4070 | D:4      | Found a shattered altar of Ashenzari.
  4070 | D:4      | Noticed Grinder
  4129 | D:5      | Entered Level 5 of the Dungeon
  4129 | D:5      | Found a staircase to the Ecumenical Temple.
  4541 | D:5      | Reached skill level 5 in Maces & Flails
  4541 | D:5      | Reached XP level 8. HP: 42/61 MP: 10/10
  4592 | D:5      | Reached skill level 4 in Invocations
  4759 | Temple   | Entered the Ecumenical Temple
  5204 | D:5      | Found a radiant altar of Vehumet.
  5647 | D:6      | Noticed Edmund
  5687 | D:6      | Killed Edmund
  5917 | D:6      | Noticed Menkaure
  5978 | D:6      | HP: 3/91 [Menkaure (17)]
  5979 | D:6      | Killed Menkaure
  5979 | D:6      | Reached skill level 5 in Shields
  5979 | D:6      | Reached skill level 5 in Invocations
  6454 | D:6      | Reached *** piety under Zin
  6542 | D:6      | Reached skill level 5 in Fighting
  6542 | D:6      | Reached skill level 5 in Armour
  6542 | D:6      | Reached XP level 9. HP: 54/68 MP: 12/12
  7020 | D:7      | Reached skill level 6 in Invocations
  7332 | D:7      | Reached **** piety under Zin
  8795 | D:7      | Reached skill level 7 in Invocations
  8795 | D:7      | Reached XP level 10. HP: 54/76 MP: 15/15
  9539 | D:8      | Learned a level 1 spell: Confusing Touch
  9543 | D:8      | Learned a level 3 spell: Confuse
  9686 | D:8      | Found a hazy altar of Hepliaklqana.
  9718 | D:8      | Found a snail-covered altar of Cheibriados.
  9767 | D:9      | Noticed Pikel
  9790 | D:9      | Found a stormy altar of Qazlal.
  9871 | D:9      | Found a sparkling altar of Nemelex Xobeh.
 10040 | D:9      | Reached skill level 8 in Invocations
 10495 | D:8      | Killed Pikel
 10538 | D:9      | Found a staircase to the Lair.
 10883 | D:9      | Found a glowing golden altar of the Shining One.
 10888 | D:9      | Found a large runed translucent door.
 10888 | D:9      | Found a large runed translucent door.
 11023 | D:9      | Noticed Veogap's ghost (novice TrBe)
 11470 | D:8      | Reached XP level 11. HP: 39/83 MP: 17/17
 11840 | D:9      | Reached skill level 9 in Invocations
 11886 | D:9      | Found a staircase to the Orcish Mines.
 12076 | Lair:1   | Entered Level 1 of the Lair of Beasts
 12076 | Lair:1   | Found a frozen archway.
 12274 | IceCv    | Entered an ice cave
 12691 | IceCv    | Reached skill level 10 in Maces & Flails
 13259 | IceCv    | Reached XP level 12. HP: 62/92 MP: 19/19
 13941 | IceCv    | Noticed a death yak
 15189 | Lair:2   | Upgraded the game from 0.25-a0-108-gda8bd6c to
                  | 0.25-a0-109-ge9c0e85
 15228 | Lair:2   | Reached skill level 10 in Invocations
 15639 | Lair:2   | Noticed a four-headed hydra
 15651 | Lair:2   | Killed a four-headed hydra
 16432 | Lair:3   | Noticed a catoblepas
 16528 | Lair:2   | Killed a catoblepas
 17220 | Lair:3   | Reached XP level 13. HP: 61/99 MP: 20/20
 17671 | Lair:3   | Found a hole to the Spider Nest.
 17861 | Lair:3   | Noticed Nergalle
 17883 | Lair:3   | Killed Nergalle
 18223 | D:10     | Entered Level 10 of the Dungeon
 18753 | D:10     | Noticed Psyche
 18778 | D:10     | Killed Psyche
 19015 | D:10     | Found a portal to a secret trove of treasure.
 19889 | D:11     | Reached skill level 11 in Invocations
 20245 | D:12     | Found Zeqoewus's General Store.
 20248 | D:12     | Bought a +2 plate armour of magic resistance for 600 gold
                  | pieces
 20248 | D:12     | Bought a scroll of identify for 30 gold pieces
 20267 | D:12     | Noticed a four-headed hydra
 20275 | D:12     | Killed a four-headed hydra
 21878 | D:12     | Found Hona's Weapon Shoppe.
 22472 | D:12     | Reached ***** piety under Zin
 22972 | Orc:1    | Entered Level 1 of the Orcish Mines
 23178 | Orc:2    | Entered Level 2 of the Orcish Mines
 23377 | Orc:1    | Reached XP level 14. HP: 89/109 MP: 22/22
 23522 | Orc:1    | Found a roughly hewn altar of Beogh.
 23539 | Orc:1    | Reached ****** piety under Zin
 23603 | Orc:1    | Found a roughly hewn altar of Beogh.
 23868 | Orc:2    | Found a staircase to the Elven Halls.
 24178 | Orc:2    | Found a roughly hewn altar of Beogh.
 24193 | Orc:2    | Reached skill level 10 in Shields
 24277 | Orc:2    | Reached skill level 10 in Fighting
 24277 | Orc:2    | Reached skill level 10 in Armour
 25612 | Orc:2    | Found Wuhod's Assorted Antiques.
 25612 | Orc:2    | Found Tefil's Weapon Emporium.
 25612 | Orc:2    | Found Vucani's Gadget Shoppe.
 25612 | Orc:2    | Found Doudomm's Book Shop.
 25626 | Orc:2    | Bought a scroll labeled OGIBBIPESE for 29 gold pieces
 25627 | Orc:2    | Bought a +4 morningstar of venom for 455 gold pieces
 26206 | Lair:4   | Reached skill level 12 in Invocations
 26212 | Lair:4   | Found a staircase to the Swamp.
 26358 | Lair:4   | Reached skill level 1 in Dodging
 26396 | Lair:4   | Noticed Sonja
 26402 | Lair:4   | Killed Sonja
 26441 | Lair:4   | Found a dark tunnel.
 26455 | Volcano  | Entered a volcano
 26935 | Volcano  | Found a radiant altar of Vehumet.
 27949 | Lair:4   | Reached XP level 15. HP: 111/117 MP: 24/24
 28034 | Lair:5   | Learned a level 1 spell: Apportation
 29957 | Lair:6   | Entered Level 6 of the Lair of Beasts
 30835 | Lair:6   | Noticed Nessos
 30848 | Lair:6   | Killed Nessos
 31140 | Lair:6   | Learned a level 3 spell: Tukima's Dance
 31652 | Lair:6   | Found a staircase to the Slime Pits.
 32029 | Lair:6   | Learned a level 2 spell: Blink
 32683 | Lair:6   | Reached skill level 15 in Maces & Flails
 33057 | Lair:6   | Reached skill level 13 in Invocations
 33497 | Lair:6   | Reached skill level 5 in Dodging
 33497 | Lair:6   | Reached XP level 16. HP: 110/125 MP: 25/25
 34002 | D:9      | Killed Veogap's ghost
 34190 | D:9      | Fell from the grace of Zin
 34190 | D:9      | Became a worshipper of the Shining One
 34190 | D:9      | Reached * piety under the Shining One
 34190 | D:9      | Reached ** piety under the Shining One
 34190 | D:9      | Reached *** piety under the Shining One
 34532 | D:13     | Reached **** piety under the Shining One
 35399 | D:14     | Found a gate to the Vaults.
 35464 | D:14     | Reached ***** piety under the Shining One
 35637 | D:14     | Found a sacrificial altar of Ru.
 36203 | D:15     | Entered Level 15 of the Dungeon
 37439 | D:15     | Found a staircase to the Depths.
 37985 | Swamp:1  | Entered Level 1 of the Swamp
 38848 | Swamp:1  | Reached XP level 17. HP: 101/133 MP: 23/27
 38854 | Swamp:1  | Reached skill level 1 in Spellcasting
 39741 | Swamp:2  | Noticed Jorgrun
 39750 | Swamp:2  | Killed Jorgrun
 39768 | Swamp:2  | Noticed Roxanne
 39789 | Swamp:2  | Killed Roxanne
 39789 | Swamp:2  | Reached skill level 14 in Invocations
 39823 | Swamp:2  | Noticed Donald
 39835 | Swamp:2  | Killed Donald
 39890 | Swamp:2  | Noticed Kirke
 39899 | Swamp:2  | Killed Kirke
 40895 | Swamp:3  | Found a runed translucent gate.
 40895 | Swamp:3  | Found a runed translucent gate.
 40896 | Swamp:3  | Found a runed translucent gate.
 40901 | Swamp:3  | Noticed Para's ghost (adept MiBe)
 41909 | Swamp:4  | Entered Level 4 of the Swamp
 42198 | Swamp:4  | Noticed a thorn hunter
 42221 | Swamp:4  | Killed a thorn hunter
 43361 | Swamp:4  | Noticed the 27-headed Lernaean hydra
 43599 | Spider:1 | Entered Level 1 of the Spider Nest
 44126 | Spider:1 | Reached XP level 18. HP: 142/142 MP: 28/28
 46478 | Spider:3 | Reached skill level 5 in Spellcasting
 46895 | Spider:3 | Found a transporter.
 47741 | Spider:3 | Found a transporter.
 48076 | Spider:4 | Entered Level 4 of the Spider Nest
 48936 | Spider:4 | Reached skill level 15 in Invocations
 49096 | Spider:4 | Noticed Arachne
 49107 | Spider:4 | Killed Arachne
 49518 | Spider:4 | Reached XP level 19. HP: 93/150 MP: 6/30
 49623 | Spider:4 | Got a gossamer rune of Zot
 49791 | Spider:4 | Reached skill level 15 in Shields
 50215 | Vaults:1 | Entered Level 1 of the Vaults
 50472 | Vaults:1 | Found a magical portal.
 50939 | WizLab   | Paralysed by a floating eye for 4 turns
 51045 | WizLab   | Paralysed by a floating eye for 2 turns
 51155 | WizLab   | Found the -2 hat of the Alchemist {rElec rPois rF+ rC+ rN+
                  | MR+ rMut rCorr}
 51558 | WizLab   | Identified the Almanac of Shape Shifting
 51560 | WizLab   | Identified Cigotuvi's Incunabulum of Evil Moulding
 53894 | Vaults:1 | Noticed Agnes
 53904 | Vaults:1 | Killed Agnes
 53912 | Vaults:1 | Reached XP level 20. HP: 107/159 MP: 23/32
 54964 | Vaults:1 | Reached skill level 16 in Invocations
 55639 | D:12     | Bought a +0 broad axe for 60 gold pieces
 56194 | Vaults:2 | Noticed Xtahua
 56227 | Vaults:2 | Killed Xtahua
 56941 | Vaults:1 | Reached skill level 10 in Spellcasting
 57577 | Vaults:2 | Reached skill level 1 in Hexes
 58056 | Vaults:2 | Noticed Sojobo
 58083 | Vaults:2 | Killed Sojobo
 58095 | Vaults:2 | Noticed Jory
 58400 | Vaults:2 | Found a staircase to the Crypt.
 58418 | Vaults:2 | Noticed a bone dragon
 58448 | Vaults:1 | Killed a bone dragon
 59258 | Vaults:2 | Reached skill level 15 in Fighting
 59258 | Vaults:2 | Reached XP level 21. HP: 93/168 MP: 35/35
 59660 | Vaults:2 | Reached skill level 5 in Hexes
 60438 | Vaults:2 | Reached ****** piety under the Shining One
 60464 | Vaults:2 | Killed Jory
 60563 | Vaults:2 | Identified a +2 broad axe of holy wrath (a +0 broad axe
                  | blessed by the Shining One)
 60563 | Vaults:2 | Received a gift from the Shining One
 60739 | Vaults:2 | Reached skill level 1 in Axes
 62663 | Vaults:3 | Reached skill level 17 in Invocations
 64101 | Vaults:4 | Reached skill level 5 in Axes
 65337 | Vaults:4 | Reached XP level 22. HP: 156/176 MP: 36/36
 66434 | Vaults:4 | Found Ytad's Distillery.
 66446 | Vaults:4 | Bought a potion of curing for 63 gold pieces
 66458 | Vaults:4 | Noticed Boris
 66473 | Vaults:4 | Killed Boris
 66552 | Vaults:4 | Noticed Mara
 66849 | Vaults:1 | Noticed a caustic shrike
 66849 | Vaults:1 | an iron giant changed into a caustic shrike
 66853 | Vaults:1 | a caustic shrike changed into an iron dragon
 67130 | Depths:1 | Entered Level 1 of the Depths
 67992 | Depths:1 | Noticed Dameikh's ghost (veteran FoFi)
 67993 | Depths:1 | Noticed an ancient lich
 67994 | Depths:1 | Noticed Boris
 68017 | Depths:1 | Found a runed translucent door.
 68187 | Depths:1 | Found a runed translucent door.
 69103 | Depths:1 | Found a gateway to Hell.
 69440 | Depths:2 | Reached skill level 15 in Armour
 72033 | Depths:2 | Learned a level 5 spell: Yara's Violent Unravelling
 72192 | Depths:2 | Found a runed translucent gate.
 72192 | Depths:2 | Found a runed translucent gate.
 72192 | Depths:2 | Found a runed translucent gate.
 72305 | Depths:2 | Found a one-way gate to the infinite horrors of the Abyss.
 72374 | Depths:2 | Reached XP level 23. HP: 155/184 MP: 37/37
 73616 | Depths:1 | Reached skill level 18 in Invocations
 73812 | Depths:2 | Found Okleseub's Food Shoppe.
 73865 | Depths:2 | Reached skill level 10 in Axes
 74759 | Depths:3 | Found a one-way gate leading to the halls of Pandemonium.
 74912 | Depths:3 | Noticed a juggernaut
 74929 | Depths:3 | Killed a juggernaut
 75888 | Depths:3 | Found a gateway to a ziggurat.
 76700 | Depths:3 | Noticed Frederick
 76742 | Depths:3 | Killed Frederick
 77346 | Depths:3 | Noticed a golden dragon
 77364 | Depths:3 | Killed a golden dragon
 77692 | Depths:3 | Reached skill level 10 in Hexes
 77826 | Depths:3 | Reached XP level 24. HP: 130/193 MP: 37/37
 78537 | Depths:4 | Found Giov's Antique Armour Boutique.
 78576 | Depths:3 | Reached skill level 1 in Transmutations
 79269 | Depths:4 | Noticed Louise
 79277 | Depths:4 | Killed Louise
 79563 | Depths:4 | Noticed a golden dragon
 79607 | Depths:4 | Killed a golden dragon
 79659 | Depths:4 | Reached skill level 5 in Transmutations
 80374 | Depths:4 | Paralysed by a floating eye for 2 turns
 80909 | Depths:4 | Gained mutation: You can translocate small distances at
                  | will. [a neqoxec]
 81321 | Elf:1    | Entered Level 1 of the Elven Halls
 81371 | Elf:1    | Reached skill level 19 in Invocations
 81382 | Elf:1    | Found a radiant altar of Vehumet.
 81479 | Elf:1    | Reached XP level 25. HP: 179/201 MP: 37/37
 81544 | Elf:1    | Found Veyr's Weapon Shop.
 81604 | Elf:1    | Found a shimmering blue altar of Sif Muna.
 82349 | Elf:2    | Found Seshu's Antique Weapon Emporium.
 82366 | Elf:2    | Found Leasaz's Armour Shop.
 82584 | Elf:2    | Found Caong's Magic Scroll Boutique.
 82593 | Elf:2    | Bought a scroll of silence for 112 gold pieces
 82593 | Elf:2    | Bought a scroll of blinking for 112 gold pieces
 82593 | Elf:2    | Bought a scroll of enchant armour for 112 gold pieces
 82730 | Elf:2    | Found a runed translucent gate.
 82730 | Elf:2    | Found a runed translucent gate.
 82730 | Elf:2    | Found a runed translucent gate.
 83483 | Elf:2    | Learned a level 2 spell: Passwall
 83572 | Elf:3    | Entered Level 3 of the Elven Halls
 83704 | Elf:3    | Found a radiant altar of Vehumet.
 86311 | Elf:3    | Identified the +7 morningstar "Cawaxzon" {vamp, rPois rF-
                  | Int+3} (You found it on level 3 of the Elven Halls)
 86423 | Elf:3    | Identified the +8 large shield "Veus" {Dex+4} (You found it
                  | on level 3 of the Elven Halls)
 86448 | Elf:3    | Got a sparkling marble ring
 86449 | Elf:3    | Identified the ring "Pukk" {*Tele rElec} (You found it on
                  | level 3 of the Elven Halls)
 86462 | Elf:3    | Identified Ycocsin's Disquisition on the Toxic Frostbite
 86824 | D:9      | Identified a scroll of acquirement
 87165 | Swamp:3  | Reached skill level 10 in Transmutations
 87370 | Swamp:4  | Killed the 27-headed Lernaean hydra
 87370 | Swamp:4  | Reached XP level 26. HP: 85/211 MP: 10/37
 87789 | Swamp:4  | Got a decaying rune of Zot
 88591 | Vaults:4 | Killed Mara
 88591 | Vaults:4 | Reached skill level 15 in Axes
 88695 | Vaults:4 | Bought a potion of berserk rage for 105 gold pieces
 88695 | Vaults:4 | Bought a potion of agility for 84 gold pieces
 88695 | Vaults:4 | Bought a potion of cancellation for 168 gold pieces
 88814 | Vaults:5 | Entered Level 5 of the Vaults
 89719 | Vaults:5 | Identified the +0 shield of the Mind {Str+3}
 89953 | Vaults:5 | Reached skill level 20 in Invocations
 90075 | Vaults:5 | Reached skill level 1 in Earth Magic
 90272 | Vaults:5 | Identified the +1 war axe of Pyokh {elec, rElec SInv}
 90916 | Vaults:5 | Reached XP level 27. HP: 183/219 MP: 37/37
 91506 | Vaults:5 | Identified the ring "Yntuor" {rF- rC+++ rN+ Int-3 Stlth-}
 91623 | Vaults:5 | Got a silver rune of Zot
 91773 | Vaults:5 | Identified the Tome of Gliding Envenoming
 93048 | D:2      | Fell from the grace of the Shining One
 93048 | D:2      | Became a worshipper of Zin the Law-Giver
 93411 | Depths:2 | Voluntarily entered the Abyss.
 93708 | Abyss:3  | Reached skill level 5 in Earth Magic
 93779 | Abyss:3  | Got an abyssal rune of Zot
 93882 | Depths:2 | Escaped the Abyss
 94242 | Slime:1  | Entered Level 1 of the Pits of Slime
 95547 | Slime:3  | Reached skill level 15 in Transmutations
 95582 | Slime:3  | Reached skill level 1 in Translocations
 96287 | Slime:4  | Noticed Dissolution
 96302 | Slime:3  | Killed Dissolution
 97077 | Slime:5  | Entered Level 5 of the Pits of Slime
 97530 | Slime:5  | Reached skill level 21 in Invocations
 98196 | Slime:5  | Noticed the Royal Jelly
 98199 | Slime:5  | Found a viscous altar of Jiyva.
 98200 | Slime:5  | Found the amulet of the Air {Inacc +Fly rElec EV+5 RMsl}
 98561 | Slime:5  | Killed the Royal Jelly
 98629 | Slime:5  | Got a bound copper amulet
 98630 | Slime:5  | Identified the amulet "Obru" {+Rage rElec Str+4 Int-2} (You
                  | found it on level 5 of the Pits of Slime)
 98666 | Slime:5  | Identified the Grimoire of Dark Aid
 98676 | Slime:5  | Identified Quwa's Grimoire of Earthen Orientation
 98699 | Slime:5  | Got a slimy rune of Zot
 99101 | Spider:3 | Cast into level 5 of the Abyss (the power of Zot)
 99101 | Abyss:5  | Entered Level 5 of the Abyss
 99119 | Abyss:5  | Gained mutation: Your body sometimes deteriorates upon
                  | taking damage. [mutagenic glow]
 99158 | Abyss:5  | Found a corrupted altar of Lugonu.
 99259 | Abyss:5  | Reached skill level 5 in Translocations
 99511 | Spider:3 | Escaped the Abyss
 99523 | Spider:3 | Lost mutation: Your body sometimes deteriorates upon taking
                  | damage. [potion of mutation]
 99523 | Spider:3 | Lost mutation: You can translocate small distances at will.
                  | [potion of mutation]
 99544 | Spider:3 | Got a heavily runed silver amulet
 99545 | Spider:3 | Identified the amulet "Opnes" {Inacc +Blink rElec rC-
                  | Dex-4} (You found it on level 3 of the Spider Nest)
 99553 | Spider:3 | Got a scorched amber ring
 99554 | Spider:3 | Identified the ring of the Rabble {rPois rC+++ Int-5 Dex+2
                  | Slay+5} (You found it on level 3 of the Spider Nest)
100112 | Orc:2    | Bought a scroll of teleportation for 87 gold pieces
100112 | Orc:2    | Bought a potion of agility for 116 gold pieces
100481 | Depths:5 | Entered Level 5 of the Depths
100483 | Depths:5 | Noticed a juggernaut
100886 | Depths:4 | Killed a juggernaut
101033 | Depths:5 | Found Ineanezo's Food Shop.
102782 | Depths:5 | Found a gate to the Realm of Zot.
102965 | Pan      | Entered Pandemonium
103110 | Pan      | Entered the realm of Gloorx Vloq.
103125 | Pan      | Learned a level 2 spell: Swiftness
103485 | Pan      | Found an exit through the horrors of the Abyss.
104156 | Pan      | Noticed Gloorx Vloq
104173 | Pan      | Killed Gloorx Vloq
104203 | Pan      | Got a dark rune of Zot
104495 | Pan      | Found a glowing silver altar of Zin.
104855 | Pan      | Reached skill level 15 in Hexes
104964 | Pan      | Reached skill level 22 in Invocations
105989 | Pan      | Identified the cursed +0 large shield "Jivocwie" {rElec}
106040 | Pan      | Found a white marble altar of Elyvilon.
106472 | Pan      | Reached skill level 1 in Charms
106925 | Pan      | Learned a level 5 spell: Silence
107049 | Pan      | Reached skill level 10 in Translocations
107351 | Pan      | Learned a level 6 spell: Deflect Missiles
107356 | Pan      | Learned a level 4 spell: Airstrike
107422 | Pan      | Reached skill level 1 in Air Magic
108415 | Pan      | Reached skill level 5 in Air Magic
108587 | Pan      | Reached skill level 5 in Charms
108634 | Pan      | Identified the +5 spear "Cimeetz" {venom, MR++}
108762 | Pan      | Identified the cursed +1 plate armour of Freedom {*Drain
                  | rPois MR+++ Regen+}
108762 | Pan      | Identified the ring of Xoen {+Fly rC+ rCorr Str+9 Dex-4}
108762 | Pan      | Noticed a seraph
108793 | Pan      | HP: 7/227 [daeva/divine providence[a seraph] (11)]
109468 | Pan      | Killed a seraph
109481 | Pan      | Found a glowing golden altar of the Shining One.
109513 | Pan      | Got a demonic rune of Zot
109515 | Pan      | Identified the Papyrus of Displacement
109522 | Pan      | Learned a level 2 spell: Shroud of Golubria
109526 | Pan      | Learned a level 3 spell: Spectral Weapon
109661 | Depths:4 | Escaped Pandemonium
109666 | Pan      | Entered Pandemonium
109672 | Pan      | Entered the realm of Cerebov.
110303 | Pan      | Reached skill level 23 in Invocations
110481 | Pan      | Identified the ring "Jeog" {+Fly rC+ MR- Int+8 Slay+5}
110523 | Pan      | Identified the +6 sword of Cerebov {flame}
110523 | Pan      | Noticed Cerebov
110548 | Pan      | Killed from afar by Cerebov

Levels and vault maps discovered:
D:1:      tarquinn_simple_flora_water_a, layout_loops_ring
D:2:      layout_loops_ring, fedhas_altar_1, lemuel_round_altar
D:3:      layout_basic, kennysheep_vampire_church, lemuel_crystal_altar,
          lemuel_crystal_altar, lemuel_zombie_altar_yredelemnul, first_ration,
          portal_sewer_entry_c, grunt_ministairs_14
D:4:      layout_basic, ashenzari_conservatory_becter, minmay_ogre_servants,
          uniq_grinder
D:5:      layout_basic, vehumet_crystals, minmay_temple_entry_arrows
D:6:      layout_loops_ring, eino_tiny_chamber, uniq_menkaure, uniq_edmund
D:7:      layout_loops_ring, corexii_corridor_pit, minmay_misc_feat_iff
D:8:      layout_cave_pools, lemuel_coloured_pillars_altar, kennysheep_mini
D:9:      layout_long_grid, old_standard_altar, tso_metal_star,
          nemelex_xobeh_ov_fountains_minmay, erik_lair_island, david_orc_4,
          ebering_ghost_disaster_area, uniq_pikel
D:10:     layout_loops_corners, enter_trove_0, grunt_livestock, uniq_psyche
D:11:     layout_loops_corners
D:12:     minmay_cornered_nines, layout_basic, serial_shops, shop, shop
D:13:     layout_roguey, minmay_microvault
D:14:     layout_irregular_city, david_vaults_5, hangedman_ru_absence
D:15:     grunt_enter_depths_hoard, layout_cave_pools, grunt_decor_clamped
Temple:   jpeg_temple_island
Lair:1:   layout_cave_pods, portal_ice_cave_entry_ice_beasts, grunt_megastairs_1
Lair:2:   layout_chaotic_city
Lair:3:   layout_gridlike, dummy_spider_entry, uniq_nergalle
Lair:4:   layout_regular_city, skrybe_swamp_entry_bodies, enter_volcano_1,
          lemuel_old_faithful, uniq_sonja
Lair:5:   pond_and_an_island_with_a_cottage, layout_long_grid, special_room
          [special_room_bee]
Lair:6:   evilmike_catoblepas_cave, layout_hall_layers, dpeg_slime_entry_corner,
          uniq_nessos
Swamp:1:  layout_falls_marsh, evilmike_swamp_ruin_rubble_1
Swamp:2:  layout_falls_marsh, evilmike_swamp_ruin_rubble_2, uniq_kirke,
          uniq_roxanne, uniq_donald, uniq_jorgrun
Swamp:3:  layout_basic_swamp, gammafunk_ghost_necromancy,
          evilmike_swamp_ruin_house_3
Swamp:4:  swamp, layout_basic_swamp, infiniplex_staircase_pool
Spider:1: layout_spider_delve, nicolae_spider_ant_collections
Spider:2: layout_spider_delve, hangedman_spider_tarantella_strand
Spider:3: gammafunk_its_a_trap, nicolae_spider_cling_halls
Spider:4: guppyfry_spider_rune, uniq_arachne
Slime:1:  layout_caves
Slime:2:  layout_caves
Slime:3:  cheibrodos_slime_lost_civilization_9, layout_caves
Slime:4:  layout_caves, dissolution_awaits
Slime:5
Orc:1:    nicolae_orc_accident_2, layout_caves, basic_altar
Orc:2:    st_orc_ogre_mass, layout_diamond_mine, basic_altar
Elf:1:    eino_elf_arrival_altar, layout_geoelf_grid, serial_shops,
          nicolae_shop_stone, basic_altar, minmay_elf_crystal_hexagon
Elf:2:    layout_geoelf_octagon, serial_shops, shop, shop,
          nicolae_shop_waterfront, minmay_misc_feat_alley
Elf:3:    minmay_elf_hall_spiked, layout_loops_corners, basic_altar
Vaults:1: nicolae_vaults_big_angled_halls, vaults_room_boxed,
          vaults_standard_mumra_lines, nicolae_vaults_specimen_jars, v_rooms_5,
          hangedman_vaults_slice, sword_in_stone, v_misc_22,
          hangedman_vaults_slice, nicolae_vaults_mini_display_case,
          vaults_room_semicircle, vaults_dpeg_doors, vaults_room_stairs_pillars,
          nicolae_vaults_diagonal_hallway_8, ontoclasm_vaults_ligature,
          layout_vaults_maze, mu_enter_wizlab_3
Vaults:2: v_misc_29, v_misc_10, vaults_mumra_hexcomb, v_misc_17,
          vaults_room_pools, minmay_crypt_entry_nasty_monster, v_misc_25,
          nicolae_vaults_angled_halls, vaults_room_door_ring, v_alt_pattern_6,
          v_misc_3, nicolae_vaults_little_squares_3, grunt_vaults_trifunnel,
          ontoclasm_vaults_idyll, serial_ice_g, ontoclasm_vaults_loading_screen,
          layout_vaults_omnicross, uniq_jory, uniq_xtahua, uniq_sojobo
Vaults:3: nicolae_vaults_stairing_the_circle, v_misc_26, vaults_room_grid,
          vaults_room_door_ring, vaults_room_pools, hangedman_vaults_trim,
          nicolae_vaults_three_branches, layout_vaults_quadrants
Vaults:4: vaults_mumra_minichess_inversion, vaults_room_large_hall,
          nicolae_vaults_shelves_hall, v_misc_9, hangedman_vaults_impose,
          vaults_dpeg_encased_lava, grunt_vaults_hallway_short, v_misc_12,
          vaults_room_pool, v_pattern_2, hangedman_vaults_stream,
          layout_vaults_omnibox, serial_shops, shop, uniq_mara, uniq_boris
Vaults:5: serial_shops
Depths:1: layout_basic, muffindrake_ghost_dual_entry,
          minmay_misc_feat_four_crosses, hell_entry, minmay_holes,
          statue_in_the_mist_lemuel, hangedman_corner_corridor
Depths:2: kennysheep_green_arena, layout_long_grid, minmay_room_of_horrors,
          serial_sigils, serial_sigils_hangedman_shear,
          serial_sigils_hangedman_snap, serial_sigils_hangedman_gut,
          serial_sigils_hangedman_stare, serial_shops, kennysheep_mini_moat,
          hell_entry, pandoras_box_mu
Depths:3: cross_vault, layout_gridville, enter_ziggurat_f,
          grunt_hell_entry_demonic_statue, rand_demon_pan_entry_8,
          kennysheep_nondecorative_pillar, infiniplex_staircase_zigzag_2,
          firewood_loft, uniq_frederick
Depths:4: grunt_deathspiral_small, layout_cave_shapes, rand_demon_pan_entry_1,
          hangedman_coc_ice_floe, serial_shops, shop,
          nicolae_abyss_entry_one_way_or_another,
          chequers_serial_rivers_micro_e, infiniplex_staircase_split_hallway,
          serial_bayou_shore_a
Depths:5: lemuel_castle_with_subvaults [lemuel_castle_interior_carwin_3],
          layout_cave_pools, hell_entry, serial_shops, shop_statue,
          hangedman_decor_push
Pan:      grunt_pan_zigzag, layout_gridville, nicolae_pan_mnolegish_1,
          gloorx_vloq, layout_irregular_city, pan_blood_fountain_2,
          evilmike_holy_pan, evilmike_mini_pan_diamond, layout_small_grid,
          cerebov_grunt, layout_small_grid

Skill      XL: |  1  2  3  4  5  6  7  8  9 10 11 12 13 14 15 16 17 18 19 20 21 22 23 24 25 26 27 |
---------------+----------------------------------------------------------------------------------+-----
Maces & Flails | 3 4 5 6 7 8 10 11 12 14 15 16 | 16.0
Invocations    | 1 2 3 5 7 8 9 10 11 12 13 14 15 16 17 18 19 20 23 | 23.0
Shields        | 4 5 6 7 8 9 10 11 12 13 14 15 | 15.0
Fighting       | 4 5 6 7 8 9 10 11 12 13 14 15 16 17 18 21 | 21.2
Armour         | 4 5 6 7 8 9 10 11 12 13 14 15 16 17 20 | 20.0
Dodging        | 2 5 |  5.8
Spellcasting   | 4 6 8 10 | 10.0
Hexes          | 4 7 8 10 15 | 15.0
Axes           | 6 9 11 13 14 15 | 15.4
Transmutations | 7 10 13 15 | 15.0
Earth Magic    | 3 5 |  5.0
Translocations | 10 | 10.0
Charms         | 5 |  5.0
Air Magic      | 9 |  9.4

Action                   |  1- 3 |  4- 6 |  7- 9 | 10-12 | 13-15 | 16-18 | 19-21 | 22-24 | 25-27 || total
-------------------------+-------+-------+-------+-------+-------+-------+-------+-------+-------++-------
Melee: Flail             |    64 |   232 |   383 |   812 |   718 |       |       |       |       ||  2209
       Morningstar       |       |       |       |       |   734 |  1482 |  1812 |   393 |       ||  4421
       Broad axe         |       |       |       |       |       |       |    84 |  1365 |  4122 ||  5571
       Eveningstar       |       |       |       |       |       |       |       |       |    87 ||    87
Throw: Dart              |       |     3 |     8 |     9 |    19 |     3 |       |     3 |     2 ||    47
 Cast: Confusing Touch   |       |       |       |       |       |       |    12 |    11 |    11 ||    34
       Confuse           |       |       |       |       |       |       |       |       |    22 ||    22
       Tukima's Dance    |       |       |       |       |       |       |       |       |    18 ||    18
       Apportation       |       |       |       |       |       |       |       |       |     2 ||     2
       Shroud of Golubri |       |       |       |       |       |       |       |       |     1 ||     1
Invok: Recite            |       |       |    13 |     8 |    22 |     1 |       |       |    15 ||    59
       Vitalisation      |       |       |     2 |     4 |    11 |     1 |       |       |    23 ||    41
       Imprison          |       |       |       |     1 |       |       |       |       |       ||     1
       Divine Shield     |       |       |       |       |       |    21 |    16 |    15 |     9 ||    61
       Summon Divine War |       |       |       |       |       |     9 |     4 |     6 |     2 ||    21
       Cleansing Flame   |       |       |       |       |       |       |     3 |     1 |     1 ||     5
       Brand Weapon With |       |       |       |       |       |       |     1 |       |       ||     1
 Abil: Evoke Berserk Rag |       |       |       |       |     2 |     1 |     3 |       |       ||     6
       Stop Flying       |       |       |       |       |       |       |       |     3 |     5 ||     8
       Evoke Flight      |       |       |       |       |       |       |       |     3 |     5 ||     8
Evoke: Wand              |       |       |       |     6 |    41 |    12 |    12 |     9 |     2 ||    82
  Use: Scroll            |     1 |     6 |     3 |    11 |    10 |    10 |    19 |    15 |    34 ||   109
       Potion            |       |       |     2 |     1 |     1 |     3 |    11 |     4 |    28 ||    50
 Stab: Confused          |       |       |       |     1 |    15 |     1 |       |       |    27 ||    44
       Invisible         |       |       |       |     1 |     1 |       |       |       |     3 ||     5
       Paralysed         |       |       |       |       |     6 |       |       |       |       ||     6
       Distracted        |       |       |       |       |       |       |       |       |     5 ||     5
  Eat: Chunk             |       |     6 |    13 |    27 |    56 |    54 |    62 |    54 |    31 ||   303
       Ration            |       |       |     2 |       |     2 |     2 |     1 |       |    19 ||    26
Armor: Scale mail        |    27 |   168 |   164 |    20 |       |       |       |       |       ||   379
       Plate armour      |       |       |       |   330 |   463 |   682 |   539 |   476 |       ||  2490
       Chain mail        |       |       |       |    27 |    78 |       |       |       |       ||   105
       Gold dragon scale |       |       |       |       |       |       |       |   262 |  2222 ||  2484
Dodge: Dodged            |    14 |    91 |   116 |   178 |   252 |   365 |   371 |   381 |   834 ||  2602
       Deflected         |       |       |     1 |       |     8 |     8 |       |       |       ||    17
Block: Shield            |    26 |   150 |   195 |   394 |   730 |  1035 |  1024 |   922 |  2696 ||  7172
       Buckler           |       |       |       |       |       |       |       |   169 |       ||   169
       Reflection        |       |       |       |       |       |       |       |       |    40 ||    40

Table legend:
 A = Non-vault XP
 B = Vault XP
 C = Vault XP percentage of total XP
 D = Non-vault monster count
 E = Vault monster count
 F = Vault count percentage of total count
                 A         B        C        D         E       F
            +---------+---------+-------+---------+---------+-------
      Total |  939646 |  796975 |  45.9 |    1787 |     949 |  34.7
            +---------+---------+-------+---------+---------+-------
        D:1 |      15 |       0 |   0.0 |      11 |       0 |   0.0
        D:2 |     220 |       0 |   0.0 |      23 |       0 |   0.0
        D:3 |      31 |     273 |  89.8 |      15 |      17 |  53.1
        D:4 |     213 |       0 |   0.0 |      12 |       0 |   0.0
        D:5 |     535 |       0 |   0.0 |      14 |       0 |   0.0
        D:6 |     714 |     319 |  30.9 |      15 |       2 |  11.8
        D:7 |    1892 |       0 |   0.0 |      38 |       0 |   0.0
        D:8 |     698 |     932 |  57.2 |      17 |       7 |  29.2
        D:9 |    2412 |    3046 |  55.8 |      37 |      22 |  37.3
       D:10 |    1713 |    1384 |  44.7 |      19 |       6 |  24.0
       D:11 |    2536 |       0 |   0.0 |      22 |       0 |   0.0
       D:12 |    8464 |    1067 |  11.2 |      35 |       3 |   7.9
       D:13 |    3697 |     557 |  13.1 |      13 |       1 |   7.1
       D:14 |   11519 |    6096 |  34.6 |      34 |      10 |  22.7
       D:15 |   14210 |    2062 |  12.7 |      35 |       2 |   5.4
     Temple |      36 |       0 |   0.0 |       1 |       0 |   0.0
     Lair:1 |    1271 |     295 |  18.8 |       7 |       2 |  22.2
     Lair:2 |    4824 |       0 |   0.0 |      15 |       0 |   0.0
     Lair:3 |    7383 |     785 |   9.6 |      34 |       1 |   2.9
     Lair:4 |    8176 |    1345 |  14.1 |      33 |       3 |   8.3
     Lair:5 |    9236 |    3663 |  28.4 |      36 |      32 |  47.1
     Lair:6 |   13912 |   14266 |  50.6 |      44 |      24 |  35.3
    Swamp:1 |   10282 |       0 |   0.0 |      33 |       0 |   0.0
    Swamp:2 |   10426 |    6786 |  39.4 |      36 |       7 |  16.3
    Swamp:3 |   15105 |    6912 |  31.4 |      33 |       8 |  19.5
    Swamp:4 |    9738 |   14362 |  59.6 |      16 |      19 |  54.3
   Spider:1 |   14832 |    4538 |  23.4 |      39 |      14 |  26.4
   Spider:2 |    8160 |     210 |   2.5 |      27 |       1 |   3.6
   Spider:3 |   13491 |    2535 |  15.8 |      40 |       7 |  14.9
   Spider:4 |    6641 |   21035 |  76.0 |      15 |      37 |  71.2
    Slime:1 |   14245 |       0 |   0.0 |      26 |       0 |   0.0
    Slime:2 |   19979 |       0 |   0.0 |      31 |       0 |   0.0
    Slime:3 |   21784 |   12187 |  35.9 |      41 |       1 |   2.4
    Slime:4 |   22719 |    8589 |  27.4 |      37 |       4 |   9.8
    Slime:5 |   13742 |   20863 |  60.3 |      20 |      11 |  35.5
      Orc:1 |    1030 |    3591 |  77.7 |      30 |      12 |  28.6
      Orc:2 |     341 |   11347 |  97.1 |       6 |      28 |  82.4
      Elf:1 |   14019 |   11805 |  45.7 |      22 |      19 |  46.3
      Elf:2 |    8440 |   46563 |  84.7 |      12 |      45 |  78.9
      Elf:3 |   16989 |   22959 |  57.5 |      28 |      18 |  39.1
   Vaults:1 |   33956 |   31568 |  48.2 |      65 |      39 |  37.5
   Vaults:2 |   42320 |   30595 |  42.0 |      71 |      32 |  31.1
   Vaults:3 |   18793 |    8649 |  31.5 |      31 |      13 |  29.5
   Vaults:4 |   47661 |   26241 |  35.5 |      61 |      26 |  29.9
   Vaults:5 |   41487 |  122249 |  74.7 |      72 |      90 |  55.6
   Depths:1 |   27474 |    2358 |   7.9 |      30 |       2 |   6.2
   Depths:2 |   43835 |   20867 |  32.3 |      59 |      31 |  34.4
   Depths:3 |   59000 |   30122 |  33.8 |      72 |      37 |  33.9
   Depths:4 |   50725 |   54267 |  51.7 |      55 |      46 |  45.5
   Depths:5 |   42154 |   53384 |  55.9 |      47 |      43 |  47.8
    Abyss:2 |    7038 |       0 |   0.0 |      13 |       0 |   0.0
    Abyss:3 |    5551 |   13650 |  71.1 |      10 |      12 |  54.5
    Abyss:5 |   22628 |       0 |   0.0 |      33 |       0 |   0.0
        Pan |  181354 |  136754 |  43.0 |     166 |      87 |  34.4
      Sewer |       0 |     125 | 100.0 |       0 |      11 | 100.0
      IceCv |       0 |    7383 | 100.0 |       0 |      38 | 100.0
    Volcano |       0 |    4624 | 100.0 |       0 |      16 | 100.0
     WizLab |       0 |   23767 | 100.0 |       0 |      63 | 100.0
            +---------+---------+-------+---------+---------+-------
